HSSL
BISHOP AMAT HS @ GRAND RAPIDS HS SUMMIT
04/25/2030
 
TOP OF THE 1ST
Bishop Amat HS batting - Pitching for Grand Rapids HS Summit : LHP Chase Callahan
Pitching: LHP Chase Callahan
Batting: SHB Aubrey Robinson 0-0: Called Strike
0-1: Fly out, F8 (Flyball, 8LM)
Batting: SHB Bill Ríos 0-0: Ball
1-0: Ball
2-0: Called Strike
2-1: Called Strike
2-2: Foul Ball, location: 2F
2-2: Foul Ball, location: 2F
2-2: Foul Ball, location: 2F
2-2: Foul Ball, location: 2F
2-2: SINGLE (Line Drive, 89S)
Batting: RHB George Guppy 0-0: Called Strike
0-1: Ball
1-1: Foul Ball, location: 2F
1-2: Ball
2-2: Foul Ball, location: 2F
2-2: Ball
3-2: 2-RUN HOME RUN (Flyball, 7D), Distance : 352 ft
Batting: RHB Bill Bailey 0-0: Ball
1-0: Called Strike
1-1: Ball
2-1: Foul Ball, location: 2F
2-2: Ball
3-2: Base on Balls
Batting: LHB Ralph King 0-0: Ball
1-0: Foul Ball, location: 2F
1-1: Foul Ball, location: 2F
1-2: Ball
2-2: Fly out, F7 (Line Drive, 7LM)
Batting: RHB Manuel Díaz 0-0: Called Strike
0-1: Fielders Choice at 2nd, 6-4 (Groundball, 6)
Top of the 1st over - 2 runs, 2 hits, 0 errors, 1 left on base; Bishop Amat HS 2 - Grand Rapids HS 0
BOTTOM OF THE 1ST
Grand Rapids HS Summit batting - Pitching for Bishop Amat HS : LHP Kenny Melton
Pitching: LHP Kenny Melton
Batting: RHB Tyler Long 0-0: Called Strike
0-1: SINGLE (Groundball, 6MD)
Batting: RHB Harry Wade 0-0: Ball
1-0: Ball
2-0: Swinging Strike
2-1: Foul Ball, location: 2F
2-2: Ball
3-2: Foul Ball, location: 2F
3-2: Base on Balls
Tyler Long to second
Batting: RHB Bob Murdock 0-0: Ball
1-0: Ball
2-0: Called Strike
2-1: Reached on error, E5 (Groundball, 5)
Tyler Long to third
Harry Wade to second
Batting: RHB Curt Welsh 0-0: Ball
1-0: SINGLE (Groundball, 6MD)
Tyler Long scores
Harry Wade to third
Bob Murdock to second
Runner from 3rd tries for Home, SAFE, no throw
Batting: RHB Jason Holland 0-0: Ball
1-0: Foul Ball, location: 2F
1-1: Called Strike
1-2: Ball
2-2: Grounds into double play, 6-4-3 (Groundball, 6)
Bob Murdock to third
Batting: RHB Alfredo González 0-0: Called Strike
0-1: Ground out 6-3 (Groundball, 6)
Bottom of the 1st over - 2 runs, 2 hits, 1 error, 1 left on base; Bishop Amat HS 2 - Grand Rapids HS 2
TOP OF THE 2ND
Bishop Amat HS batting - Pitching for Grand Rapids HS Summit : LHP Chase Callahan
Batting: RHB George Parker 0-0: Fly out, F7 (Flyball, 7)
Batting: RHB Adrián Hall 0-0: Swinging Strike
0-1: Foul Ball, location: 2F
0-2: Ball
1-2: Ball
2-2: Foul Ball, location: 2F
2-2: Strikes out swinging
Batting: SHB Marcos Cardona 0-0: Ball
1-0: Foul Ball, location: 2F
1-1: Ball
2-1: Ball
3-1: Foul Ball, location: 2F
3-2: Ground out 4-3 (Groundball, 4)
Top of the 2nd over - 0 runs, 0 hits, 0 errors, 0 left on base; Bishop Amat HS 2 - Grand Rapids HS 2
BOTTOM OF THE 2ND
Grand Rapids HS Summit batting - Pitching for Bishop Amat HS : LHP Kenny Melton
Batting: RHB José Pérez 0-0: Called Strike
0-1: Ball
1-1: Called Strike
1-2: Ground out 4-3 (Groundball, 4)
Batting: LHB Wallace Hawkins 0-0: Ball
1-0: Called Strike
1-1: Ball
2-1: Ball
3-1: Base on Balls
Batting: RHB José González 0-0: Swinging Strike
0-1: Ball
1-1: Ball
2-1: Foul Ball, location: 2F
2-2: Ball
3-2: DOUBLE (Flyball, 89D)
Wallace Hawkins to third
Batting: RHB Tyler Long 0-0: Ball
1-0: Swinging Strike
1-1: Called Strike
1-2: Strikes out swinging
Batting: RHB Harry Wade 0-0: Ball
1-0: Ground out 6-3 (Groundball, 6)
Bottom of the 2nd over - 0 runs, 1 hit, 0 errors, 2 left on base; Bishop Amat HS 2 - Grand Rapids HS 2
TOP OF THE 3RD
Bishop Amat HS batting - Pitching for Grand Rapids HS Summit : LHP Chase Callahan
Batting: SHB Aubrey Robinson 0-0: Ground out 6-3 (Groundball, 6M)
Batting: SHB Bill Ríos 0-0: Ground out 3-1 (Groundball, 34)
Batting: RHB George Guppy 0-0: Called Strike
0-1: Foul Ball, location: 2F
0-2: Ball
1-2: Ball
2-2: Ball
3-2: Foul Ball, location: 2F
3-2: Fly out, F8 (Flyball, 8RD)
Top of the 3rd over - 0 runs, 0 hits, 0 errors, 0 left on base; Bishop Amat HS 2 - Grand Rapids HS 2
BOTTOM OF THE 3RD
Grand Rapids HS Summit batting - Pitching for Bishop Amat HS : LHP Kenny Melton
Batting: RHB Bob Murdock 0-0: Called Strike
0-1: Ball
1-1: Ball
2-1: Ball
3-1: Base on Balls
Batting: RHB Curt Welsh 0-0: Foul Ball, location: 2F
0-1: Ball
1-1: SINGLE (Line Drive, 9S)
Bob Murdock to second
Batting: RHB Jason Holland 0-0: Foul Ball, location: 2F
0-1: Single, Error in OF, E8, batter to second base
Bob Murdock scores
Curt Welsh to third
Batting: RHB Alfredo González 0-0: Ball
1-0: Called Strike
1-1: Called Strike
1-2: Strikes out swinging
Batting: RHB José Pérez 0-0: Ball
1-0: Ball
2-0: Ball
3-0: Base on Balls
Batting: LHB Wallace Hawkins 0-0: Swinging Strike
0-1: Grounds into double play, 4-6-3 (Groundball, 4)
Bottom of the 3rd over - 1 run, 2 hits, 1 error, 2 left on base; Bishop Amat HS 2 - Grand Rapids HS 3
TOP OF THE 4TH
Bishop Amat HS batting - Pitching for Grand Rapids HS Summit : LHP Chase Callahan
Batting: RHB Bill Bailey 0-0: Ball
1-0: Called Strike
1-1: Foul Ball, location: 2F
1-2: Ground out 6-3 (Groundball, 6)
Batting: LHB Ralph King 0-0: Fly out, F6 (Popup, 6M)
Batting: RHB Manuel Díaz 0-0: Ball
1-0: SINGLE (Flyball, 8RS)
Batting: RHB George Parker 0-0: Ball
1-0: Foul Ball, location: 2F
1-1: Ball
2-1: 2-RUN HOME RUN (Line Drive, 7D), Distance : 374 ft
Batting: RHB Adrián Hall 0-0: Ball
1-0: Called Strike
1-1: SINGLE (Line Drive, 7S)
Batting: SHB Marcos Cardona 0-0: Ball
1-0: Foul Ball, location: 2F
1-1: Ball
2-1: Called Strike
2-2: Ball
3-2: Foul Ball, location: 2F
3-2: Foul Ball, location: 2F
3-2: Foul Ball, location: 2F
3-2: Base on Balls
Adrián Hall to second
Pitching: RHP Carlos Pérez
Batting: SHB Aubrey Robinson 0-0: Called Strike
0-1: Foul Ball, location: 2F
0-2: Strikes out swinging
Top of the 4th over - 2 runs, 3 hits, 0 errors, 2 left on base; Bishop Amat HS 4 - Grand Rapids HS 3
BOTTOM OF THE 4TH
Grand Rapids HS Summit batting - Pitching for Bishop Amat HS : LHP Kenny Melton
Batting: RHB José González 0-0: Ball
1-0: Fly out, F7 (Flyball, 7)
Batting: RHB Tyler Long 0-0: Called Strike
0-1: Hit by Pitch
Batting: RHB Harry Wade 0-0: Ball
1-0: Ball
2-0: Grounds into double play, 1-4-3 (Groundball, 15S)
Bottom of the 4th over - 0 runs, 0 hits, 0 errors, 0 left on base; Bishop Amat HS 4 - Grand Rapids HS 3
TOP OF THE 5TH
Bishop Amat HS batting - Pitching for Grand Rapids HS Summit : RHP Carlos Pérez
Batting: SHB Bill Ríos 0-0: Foul Ball, location: 2F
0-1: Foul Ball, location: 2F
0-2: Ball
1-2: Strikes out looking
Batting: RHB George Guppy 0-0: Called Strike
0-1: Ball
1-1: Foul Ball, location: 2F
1-2: Foul Ball, location: 2F
1-2: Strikes out swinging
Batting: RHB Bill Bailey 0-0: Ball
1-0: Ball
2-0: Ball
3-0: Base on Balls
Batting: LHB Ralph King 0-0: Fielders Choice at 2nd, 6-4 (Groundball, 6)
Top of the 5th over - 0 runs, 0 hits, 0 errors, 1 left on base; Bishop Amat HS 4 - Grand Rapids HS 3
BOTTOM OF THE 5TH
Grand Rapids HS Summit batting - Pitching for Bishop Amat HS : LHP Kenny Melton
Batting: RHB Bob Murdock 0-0: Ball
1-0: Ground out 6-3 (Groundball, 6M)
Batting: RHB Curt Welsh 0-0: Called Strike
0-1: Ball
1-1: Foul Ball, location: 2F
1-2: SINGLE (Line Drive, 6)
Batting: RHB Jason Holland 0-0: Ball
1-0: Foul Ball, location: 2F
1-1: Foul Ball, location: 2F
1-2: Ball
2-2: Ball
3-2: Fly out, F9 (Line Drive, 89M)
Pitching: RHP Edward Jones
Batting: RHB Alfredo González 0-0: Ball
1-0: Ball
2-0: Foul Ball, location: 2F
2-1: Swinging Strike
2-2: Reached on error, E4 (Groundball, 4)
Curt Welsh to second
Batting: RHB José Pérez 0-0: Called Strike
0-1: Called Strike
0-2: Strikes out swinging
Bottom of the 5th over - 0 runs, 1 hit, 1 error, 2 left on base; Bishop Amat HS 4 - Grand Rapids HS 3
TOP OF THE 6TH
Bishop Amat HS batting - Pitching for Grand Rapids HS Summit : RHP Carlos Pérez
Batting: RHB Manuel Díaz 0-0: Ball
1-0: Called Strike
1-1: Swinging Strike
1-2: Foul Ball, location: 2F
1-2: Foul Ball, location: 2F
1-2: Ball
2-2: SINGLE (Flyball, 78S)
Batting: RHB George Parker 0-0: Called Strike
0-1: Ball
1-1: Ball
2-1: Foul Ball, location: 2F
2-2: Fly out, F9 (Flyball, 9LM)
Batting: RHB Adrián Hall 0-0: Ball
1-0: Hit by Pitch
Manuel Díaz to second
Batting: SHB Marcos Cardona 0-0: Foul Ball, location: 2F
0-1: Ball
1-1: SINGLE (Groundball, 4MD)
Manuel Díaz to third
Adrián Hall to second
Runner from 3rd tries for Home, SAFE, throw made home
Batting: SHB Aubrey Robinson 0-0: Ball
1-0: Foul Ball, location: 2F
1-1: SINGLE (Groundball, 56D)
Adrián Hall to third
Marcos Cardona to second
Runner from 3rd tries for Home, SAFE, no throw
Batting: SHB Bill Ríos 0-0: Called Strike
0-1: Ball
1-1: Ball
2-1: DOUBLE (Line Drive, 7LS)
Marcos Cardona scores
Aubrey Robinson to third
Runner from 3rd tries for Home, SAFE, no throw
Pitching: RHP Thomas Parker
Batting: RHB George Guppy 0-0: Ground out 1-3 (Groundball, 15S)
Pitching: RHP Louis Buck
Batting: RHB Bill Bailey 0-0: Fly out, F9 (Line Drive, 9)
Top of the 6th over - 4 runs, 4 hits, 0 errors, 1 left on base; Bishop Amat HS 8 - Grand Rapids HS 3
BOTTOM OF THE 6TH
Grand Rapids HS Summit batting - Pitching for Bishop Amat HS : RHP Edward Jones
Batting: LHB Wallace Hawkins 0-0: Ball
1-0: Ball
2-0: Foul Ball, location: 2F
2-1: SOLO HOME RUN (Flyball, 9LD), Distance : 320 ft
Batting: RHB José González 0-0: Swinging Strike
0-1: Ball
1-1: Swinging Strike
1-2: Strikes out looking
Batting: RHB Tyler Long 0-0: Called Strike
0-1: Ball
1-1: Swinging Strike
1-2: Fly out, F8 (Flyball, 8RD)
Batting: RHB Harry Wade 0-0: Foul Ball, location: 2F
0-1: Foul Ball, location: 2F
0-2: Ball
1-2: Ball
2-2: Strikes out swinging
Bottom of the 6th over - 1 run, 1 hit, 0 errors, 0 left on base; Bishop Amat HS 8 - Grand Rapids HS 4
TOP OF THE 7TH
Bishop Amat HS batting - Pitching for Grand Rapids HS Summit : RHP Louis Buck
Batting: LHB Ralph King 0-0: Ball
1-0: Called Strike
1-1: Called Strike
1-2: Strikes out looking
Batting: RHB Manuel Díaz 0-0: Ball
1-0: SINGLE (Groundball, 6MD)
Batting: RHB George Parker 0-0: SINGLE (Line Drive, 8LM)
Manuel Díaz to second
Batting: RHB Adrián Hall 0-0: Ball
1-0: Called Strike
1-1: Ball
2-1: Called Strike
2-2: Foul Ball, location: 2F
2-2: Ball
3-2: Fly out, F7 (Flyball, 7S)
Batting: SHB Marcos Cardona 0-0: Ball
1-0: SINGLE (Groundball, 34D)
Manuel Díaz to third
George Parker to second
Runner from 3rd tries for Home, SAFE, no throw
Pitching: RHP John Willis
Batting: SHB Aubrey Robinson 0-0: Ball
1-0: Ball
2-0: Ball
3-0: Base on Balls
George Parker to third
Marcos Cardona to second
Batting: SHB Bill Ríos 0-0: Ball
1-0: Swinging Strike
1-1: Swinging Strike
1-2: Ball
2-2: Foul Ball, location: 2F
2-2: Ball
3-2: Base on Balls
George Parker scores
Marcos Cardona to third
Aubrey Robinson to second
Batting: RHB George Guppy 0-0: Foul Ball, location: 2F
0-1: Ball
1-1: Swinging Strike
1-2: Ball
2-2: Strikes out swinging
Top of the 7th over - 2 runs, 3 hits, 0 errors, 3 left on base; Bishop Amat HS 10 - Grand Rapids HS 4
BOTTOM OF THE 7TH
Grand Rapids HS Summit batting - Pitching for Bishop Amat HS : RHP Edward Jones
Batting: RHB Bob Murdock 0-0: Foul Ball, location: 2F
0-1: Ball
1-1: Ball
2-1: Ball
3-1: Base on Balls
Batting: RHB Curt Welsh 0-0: Ball
1-0: Ball
2-0: Swinging Strike
2-1: Ball
3-1: Swinging Strike
3-2: Base on Balls
Bob Murdock to second
Batting: RHB Jason Holland 0-0: Foul Ball, location: 2F
0-1: DOUBLE (Line Drive, 78XD)
Bob Murdock scores
Curt Welsh to third
Batting: RHB Alfredo González 0-0: Ball
1-0: 3-RUN HOME RUN (Line Drive, 78XD), Distance : 375 ft
Pitching: RHP Marlon Moreno
Batting: RHB José Pérez 0-0: Called Strike
0-1: Ball
1-1: Swinging Strike
1-2: Strikes out swinging
Batting: LHB Wallace Hawkins 0-0: Foul Ball, location: 2F
0-1: Called Strike
0-2: Ball
1-2: Ball
2-2: SOLO HOME RUN (Flyball, 89XD), Distance : 388 ft
Batting: RHB José González 0-0: SINGLE (Line Drive, 8RS)
Batting: RHB Tyler Long 0-0: Ball
1-0: Called Strike
1-1: Called Strike
1-2: Ball
2-2: Ball
3-2: Base on Balls
José González to second
Batting: RHB Harry Wade 0-0: Fielders Choice at 2nd, 6-4 (Groundball, 6)
José González to third
Batting: RHB Bob Murdock 0-0: Swinging Strike
0-1: Foul Ball, location: 2F
0-2: Ball
1-2: Foul Ball, location: 2F
1-2: Ball
2-2: Ball
3-2: Base on Balls
Harry Wade to second
Batting: RHB Curt Welsh 0-0: Ball
1-0: Fly out, F8 (Flyball, 89D)
Bottom of the 7th over - 5 runs, 4 hits, 0 errors, 3 left on base; Bishop Amat HS 10 - Grand Rapids HS 9
TOP OF THE 8TH
Bishop Amat HS batting - Pitching for Grand Rapids HS Summit : RHP John Willis
Pitching: RHP Tim Garrett
Batting: RHB Bill Bailey 0-0: Fly out, F9 (Line Drive, 9)
Batting: LHB Ralph King 0-0: Ball
1-0: Ball
2-0: Foul Ball, location: 2F
2-1: Ball
3-1: Base on Balls
Pitching: RHP Robert Turner
Batting: RHB Manuel Díaz 0-0: Foul Ball, location: 2F
0-1: SINGLE (Groundball, 4MD)
Ralph King to second
Batting: RHB George Parker 0-0: Ball
1-0: Grounds into double play, 6-4-3 (Groundball, 56)
Top of the 8th over - 0 runs, 1 hit, 0 errors, 1 left on base; Bishop Amat HS 10 - Grand Rapids HS 9
BOTTOM OF THE 8TH
Grand Rapids HS Summit batting - Pitching for Bishop Amat HS : RHP Marlon Moreno
Batting: RHB Jason Holland 0-0: Called Strike
0-1: Ball
1-1: SINGLE (Line Drive, 8LS)
Batting: RHB Alfredo González 0-0: Ball
1-0: Called Strike
1-1: Fly out, F3 (Popup, 3L)
Batting: RHB José Pérez 0-0: Ball
1-0: Ball
2-0: Foul Ball, location: 2F
2-1: SINGLE (Groundball, 6MD)
Jason Holland to second
Pitching: LHP Kevin Preston
Batting: LHB Wallace Hawkins 0-0: Ball
1-0: Ball
2-0: Swinging Strike
2-1: Foul Ball, location: 2F
2-2: Ball
3-2: Base on Balls
Jason Holland to third
José Pérez to second
Batting: RHB José González 0-0: Grounds into double play, 6-2-3 (Groundball, 6)
Bottom of the 8th over - 0 runs, 2 hits, 0 errors, 2 left on base; Bishop Amat HS 10 - Grand Rapids HS 9
TOP OF THE 9TH
Bishop Amat HS batting - Pitching for Grand Rapids HS Summit : RHP Robert Turner
Batting: RHB Adrián Hall 0-0: Called Strike
0-1: Ball
1-1: Ball
2-1: SINGLE (Groundball, 4MS) (infield hit)
Batting: SHB Marcos Cardona 0-0: Bunted foul
0-1: Ball
1-1: Sac Bunt - play at first, batter OUT! 3-4
Adrián Hall to second
Batting: SHB Aubrey Robinson 0-0: Ball
1-0: Ball
2-0: Called Strike
2-1: Foul Ball, location: 2F
2-2: Ball
3-2: Base on Balls
Batting: SHB Bill Ríos 0-0: Swinging Strike
0-1: Ball
1-1: Called Strike
1-2: Foul Ball, location: 2F
1-2: Strikes out swinging
Batting: RHB George Guppy 0-0: Ball
1-0: Fly out, F3 (Popup, 3SF)
Top of the 9th over - 0 runs, 1 hit, 0 errors, 2 left on base; Bishop Amat HS 10 - Grand Rapids HS 9
BOTTOM OF THE 9TH
Grand Rapids HS Summit batting - Pitching for Bishop Amat HS : LHP Kevin Preston
Pitching: RHP Roderick Fields
Batting: RHB Tyler Long 0-0: Called Strike
0-1: Foul Ball, location: 2F
0-2: Ball
1-2: Foul Ball, location: 2F
1-2: SINGLE (Line Drive, 9LS)
Batting: RHB Harry Wade 0-0: Ball
1-0: Called Strike
1-1: Ball
2-1: Ball
3-1: SINGLE (Groundball, 3D)
Tyler Long to second
Runner from 2nd tries for 3rd, SAFE, no throw
Batting: RHB Bob Murdock 0-0: Called Strike
0-1: Swinging Strike
0-2: Strikes out swinging
Batting: RHB Curt Welsh 0-0: 3-RUN HOME RUN (Flyball, 7LD), Distance : 345 ft
Saturday, April 7th, 2018 - OOTP Baseball 18.8 Build 76